 Dungeon Crawl Stone Soup version 0.22-a0-307-g2b15929 (webtiles) character file.

109 sankara the Insei (level 4, 0/28 HPs)
             Began as an Octopode Transmuter on Apr 1, 2018.
             Slain by a hound (3 damage)
             ... on level 3 of the Dungeon.
             The game lasted 00:08:30 (2816 turns).

sankara the Insei (Octopode Transmuter)             Turns: 2816, Time: 00:08:30

Health: 0/28       AC:  1    Str: 10    XL:     4   Next: 90%
Magic:  5/7        EV: 13    Int: 15    God:
Gold:   59         SH:  0    Dex: 12    Spells: 1/7 levels left

rFire    . . .     SeeInvis .     - Unarmed
rCold    . . .     Gourm    .   (no shield)
rNeg     . . .     Faith    .   (helmet restricted)
rPois    .         Spirit   .   (no amulet)
rElec    .         Reflect  .   (no ring)
rCorr    .         Harm     .   (no ring)
MR       .....                  (no ring)
Stlth    ++........             (no ring)
HPRegen  0.09/turn              (no ring)
MPRegen  0.10/turn              (no ring)
                                (no ring)
                                (no ring)

@: no status effects
A: almost no armour, stealthy swim, amphibious, 8 rings, constrict 8, camouflage
1, gelatinous body 1
a: no special abilities


You were on level 3 of the Dungeon.
You were hungry.

You visited 1 branch of the dungeon, and saw 3 of its levels.

You collected 59 gold pieces.

Inventory:

Missiles
 a - 25 arrows
 d - 116 stones (quivered)
 h - 63 sling bullets
Jewellery
 n - an uncursed ring of ice {rC+, rF-}
   (You took it off Robin on level 2 of the Dungeon)
Wands
 m - a wand of flame (25)
   (You took it off Robin on level 2 of the Dungeon)
Scrolls
 b - 4 scrolls of identify {unknown}
 e - a scroll of fear {unknown}
 i - 2 scrolls of enchant armour {unknown}
 j - a scroll of noise {unknown}
 l - a scroll of remove curse {unknown}
Potions
 f - a potion of cancellation {unknown}
 g - a potion of flight {unknown}
 k - a potion of heal wounds {unknown}
Comestibles
 c - 2 rations
 o - a chunk of flesh {@w0}


   Skills:
 - Level 1.0 Fighting
 - Level 2.0 Dodging
 + Level 4.1 Unarmed Combat
 - Level 2.0 Spellcasting
 + Level 3.4 Transmutations
 + Level 2.0 Poison Magic


You had one spell level left.
You knew the following spells:

 Your Spells              Type           Power        Failure   Level  Hunger
a - Beastly Appendage     Tmut           ##....       5%          1    #......
b - Sticks to Snakes      Tmut           ##......     9%          2    ###....
c - Spider Form           Tmut/Pois      #.........   22%         3    ###....


Dungeon Overview and Level Annotations

Branches:
Dungeon (3/15)

Altars:
Uskayaw

Annotations:
D:3 Natasha


Innate Abilities, Weirdness & Mutations

You cannot wear most types of armour.
You are very stealthy in the water. (Stealth+)
You are amphibious.
You can wear up to eight rings at the same time.
You can use your tentacles to constrict eight enemies at once.
Your skin changes colour to match your surroundings (Stealth+).
Your rubbery body absorbs attacks. (AC +1, EV +1)


Message History

You hit the goblin.
You kill the goblin!
No target in view!
No target in view!
No target in view!
You see here a goblin corpse.
You butcher the goblin corpse.
o - a chunk of flesh {@w0} Your transformation is almost over.
Your transformation has ended.
A hound comes into view.
Casting: Spider Form (safe; 24% risk of failure)
Confirm with . or Enter, or press ? or * to list all spells.
You turn into a venomous arachnid creature.
You are feeling hungry.
The hound barks!
The hound barely misses you. The hound misses you.
You bite the hound!
The hound is moderately wounded.
The hound misses you.
An orc priest comes into view.
The orc priest shouts!
You hit the hound.
The hound is heavily wounded.
The hound bites you.
A hound comes into view.
You closely miss the hound.
The hound is heavily wounded.
The hound barks!
The hound barely misses you. x2
You closely miss the hound.
The hound is heavily wounded.
The hound completely misses you.
You closely miss the hound.
The hound is heavily wounded.
The hound closely misses you.
You hit the hound but do no damage.
The hound is poisoned.
The hound is heavily wounded.
Your transformation is almost over.
The hound bites you.
The orc priest calls down the wrath of Beogh upon you.
Beogh smites you! The hound bites you but does no damage.
You hear an angry hiss.
A leopard gecko comes into view.
Natasha, Servant of Life and Death comes into view.
The hound bites you but does no damage. The hound bites you.
The orc priest misses you.
You hit the orc priest.
The orc priest is poisoned.
The orc priest is moderately wounded.
The hound bites you.
* * * LOW HITPOINT WARNING * * *
The orc priest closely misses you.
The hound looks more healthy.
The hound closely misses you.
Natasha casts a spell.
The hound barely misses you. The hound misses you.
There is a hide-covered altar of Uskayaw here.
Your transformation has ended.
The orc priest begins to cast a cantrip, but forgets the words!
You kill the orc priest!
Your Poison Magic skill increases to level 2!
The hound bites you.
* * * LOW HITPOINT WARNING * * *
The hound completely misses you.
Natasha casts a spell.
The hound misses you.
Casting: Spider Form (safe; 22% risk of failure)
Confirm with . or Enter, or press ? or * to list all spells.
You turn into a venomous arachnid creature.
The hound misses you.
Natasha wildly gestures.
You feel troubled. The hound bites you but does no damage.
The hound closely misses you.
The shadow imp sputters.
The hound bites you.
* * * LOW HITPOINT WARNING * * *
The hound completely misses you.
The hound stops to sniff the ground.
The hound closely misses you.
Natasha mumbles some strange words.
Natasha's front paws start to glow.
The hound misses you.
Natasha mumbles some strange words.
The shadow imp disappears in a puff of smoke!
Natasha mumbles some strange words.
Natasha shimmers violently.
Natasha casts a spell.
The hound misses you.
Your transformation is almost over.
The hound barely misses you. The hound misses you.
The shadow imp disappears in a puff of smoke!
The hound bites you.
* * * LOW HITPOINT WARNING * * *
The hound misses you.
You see here a dagger.
Your transformation has ended.
The hound bites you.
You die...

######
#.)..#
#h##.##
#@.#..#
#.##h.##
.
#.##...#
.######
#.##.#.#
......#
#..#.#..#
......#
##.#.##.#
...=..#
#.#.##.#
.#
..%...#
##.#.##.#
.#
......#.#
#.<#5# ..
.#


You could see a hound.

Vanquished Creatures
  An orc priest (D:3)
  Robin (D:2)
  2 adders (D:2)
  An ooze (D:1)
  A leopard gecko (D:1)
  A giant cockroach (D:1)
  16 goblins
  5 hobgoblins
  A ball python (D:1)
  6 bats
  A frilled lizard (D:1)
  9 kobolds
  3 rats
48 creatures vanquished.

Notes
Turn   | Place    | Note
-------+----------+-------------------------------------------
     0 | D:1      | sankara the Octopode Transmuter began the quest for the Orb.
     0 | D:1      | Reached XP level 1. HP: 13/13 MP: 3/3
   360 | D:1      | Reached XP level 2. HP: 18/18 MP: 3/5
   372 | D:1      | Learned a level 2 spell: Sticks to Snakes
   789 | D:1      | Reached XP level 3. HP: 16/23 MP: 4/6
   882 | D:1      | Learned a level 3 spell: Spider Form
  1771 | D:2      | Noticed Robin
  1967 | D:2      | Reached skill level 3 in Transmutations
  1967 | D:2      | Reached skill level 1 in Poison Magic
  2050 | D:2      | Killed Robin
  2050 | D:2      | Reached XP level 4. HP: 8/28 MP: 2/7
  2297 | D:2      | Reached skill level 4 in Unarmed Combat
  2746 | D:3      | Found a hide-covered altar of Uskayaw.
  2779 | D:3      | Noticed Natasha
  2781 | D:3      | HP: 6/28 [hound (4)]
  2789 | D:3      | Reached skill level 2 in Poison Magic
  2789 | D:3      | HP: 5/28 [hound (2)]
  2798 | D:3      | HP: 5/28 [hound (1)]
  2811 | D:3      | HP: 2/28 [hound (4)]
  2816 | D:3      | Slain by a hound

Vault maps used:
D:1:      lightli_arrival_statuegarden, minmay_crystal_room
D:2:      uniq_robin
D:3:      lemuel_crystal_altar, interstate_on_off, uniq_grinder, uniq_natasha

Skill      XL: |  1  2  3  4 |
---------------+-------------+-----
Transmutations | 3 |  3.4
Poison Magic   | 1 2 |  2.0
Unarmed Combat | 4 |  4.1
Fighting       | |  1.0
Dodging        | |  2.0
Spellcasting   | |  2.0

Action                   |  1- 3 |  4- 6 || total
-------------------------+-------+-------++-------
Melee: Unarmed           |    92 |    20 ||   112
       Kick              |    13 |       ||    13
       Constrict         |    12 |       ||    12
       Tentacles         |     5 |       ||     5
 Cast: Beastly Appendage |    11 |       ||    11
       Spider Form       |    14 |     6 ||    20
 Stab: Sleeping          |     2 |       ||     2
  Eat: Chunk             |     5 |     3 ||     8
Armor: Skin              |     8 |     6 ||    14
Dodge: Dodged            |    58 |    45 ||   103

Table legend:
 A = Spawn XP
 B = Non-spawn XP
 C = Spawn XP percentage of total XP
 D = Spawn monster count
 E = Non-spawn monster count
 F = Spawn count percentage of total count
 G = Total turns spent on level
                    A         B        C        D         E        F      G
               +---------+---------+-------+---------+---------+-------+---------
         Total |       0 |     157 |   0.0 |       0 |      48 |   0.0 |  2816
               +---------+---------+-------+---------+---------+-------+---------
           D:1 |       0 |      49 |   0.0 |       0 |      28 |   0.0 |  1561
           D:2 |       0 |      61 |   0.0 |       0 |      15 |   0.0 |   961
           D:3 |       0 |      47 |   0.0 |       0 |       5 |   0.0 |   294
               +---------+---------+-------+---------+---------+-------+---------

Vault maps used:
D:1:      lightli_arrival_statuegarden, minmay_crystal_room
D:2:      uniq_robin
D:3:      lemuel_crystal_altar, interstate_on_off, uniq_grinder, uniq_natasha

Table legend:
 A = Turns spent in this place as a percentage of turns spent in the entire game.
 B = Non-inter-level travel turns spent in this place as a percentage of non-inter-level travel turns spent in the entire game.
 C = Inter-level travel turns spent in this place as a percentage of turns spent in this place.
 D = Turns resting spent in this place as a percentage of non-inter-level travel turns spent in this place.
 E = Turns spent auto-exploring this place as a percentage of non-inter-level travel turns spent in this place.
 F = Non-inter-level travel turns spent in this place divided by the number of levels of this place that you've seen.
                   A       B       C       D       E      F
               +-------+-------+-------+-------+-------+----------------------
         Total | 100.0 | 100.0 |   1.0 |  31.3 |  47.1 | 929.0
       Dungeon | 100.0 | 100.0 |   1.0 |  31.3 |  47.1 | 929.0
               +-------+-------+-------+-------+-------+----------------------

Table legend:
 A = Kills in this place as a percentage of kills in entire the game.
 B = Kills by you in this place as a percentage of kills by you in the entire game.
 C = Kills by friends in this place as a percentage of kills by friends in the entire game.
 D = Other kills in this place as a percentage of other kills in the entire game.
 E = Experience gained in this place as a percentage of experience gained in the entire game.
 F = Experience gained in this place divided by the number of levels of this place that you have seen.
                   A       B       C       D       E      F
               +-------+-------+-------+-------+-------+----------------------
         Total | 100.0 | 100.0 |   N/A |   N/A | 100.0 |  52.3
       Dungeon | 100.0 | 100.0 |   N/A |   N/A | 100.0 |  52.3
               +-------+-------+-------+-------+-------+----------------------
